cohdb
Replays
Latest Replays
All Replays
Popular Replays
Top Player Replays
Match Explorer
How It Works
Community
CoH3 Stats
Reddit
Sign in to upload your games and track your stats! →
Sign in with Steam
Match 42007292
Unlisted
Match 42007292
Overview
Messages
Build Orders
End
Panzergrenadier Squad
Selects Panzerjäger Kommand Battlegroup
Panzergrenadier Squad
Selects Blockade Equipment
Panzergrenadier Squad
Construct Light Support Kompanie
2.5-tonne Medical Truck
Fire Support Elements
Selects Defensive Positions
Panzerjäger Squad
Assault Mechanized Group
Selects Butterfly Bomb Drop
Butterfly Bomb Drop
2.5-tonne Medical Truck
Construct Mechanized Kompanie
8 Rad Armored Car
Selects Tank Busters
Butterfly Bomb Drop
8 Rad Armored Car
Vehicle Survival Package
Butterfly Bomb Drop
Veteran Squad Leaders
Selects Crew Shock Tactics
Butterfly Bomb Drop
254 Reconnaissance Tractor
2.5-tonne Medical Truck
Dullahan
Born to Coom
0
0
Comments
sign in to comment!
No comments posted yet!